 Dungeon Crawl Stone Soup version 0.26-a0-412-ga3d1f51b (webtiles) character file.

Game seed: 6036716614404526530

1829 ringofvoid the Cudgeler (level 8, -18/69 HPs)
             Began as a Minotaur Fighter on July 24, 2020.
             Killed from afar by Harold (19 damage)
             ... with a bolt of acid
             ... on level 7 of the Dungeon.
             The game lasted 00:37:38 (6239 turns).

ringofvoid the Cudgeler (Minotaur Fighter)          Turns: 6239, Time: 00:37:39

Health: -18/69     AC:  4    Str: 23    XL:     8   Next: 86%
Magic:  7/7        EV:  8    Int:  5    God:
Gold:   408        SH: 10    Dex: 10    Spells: 7/7 levels left

rFire    + . .     SeeInvis .   a - +0 flail
rCold    . . .     Faith    .   c - +0 kite shield
rNeg     . . .     Spirit   .   u - +1 scale mail {rF+}
rPois    .         Reflect  .   (helmet restricted)
rElec    .         Harm     .   (no cloak)
rCorr    .                      (no gloves)
MR       .....                  (no boots)
Stlth    ..........             (no amulet)
HPRegen  0.21/turn              (no ring)
MPRegen  0.10/turn              (no ring)

@: mighty, about to teleport, corroded
A: retaliatory headbutt, horns 2
a: no special abilities


You were on level 7 of the Dungeon.
You visited 1 branch of the dungeon, and saw 7 of its levels.

You collected 408 gold pieces.

Inventory:

Hand Weapons
 a - a +0 flail (weapon)
 p - a +1 dagger of venom
 q - a +1 mace of holy wrath
 D - a +0 hunting sling
Missiles
 f - 27 poisoned darts (quivered)
 w - 60 stones
Armour
 b - a +0 scale mail
 c - a +0 kite shield (worn)
 u - a +1 scale mail of fire resistance (worn)
Jewellery
 i - an uncursed amulet of the acrobat
 t - an uncursed amulet of magic regeneration {unknown}
 v - a cursed ring of teleportation {unknown}
 y - a +6 ring of dexterity {unknown}
Wands
 z - a wand of digging (6)
 A - a wand of paralysis (7)
 B - a wand of iceblast (6)
Scrolls
 e - 6 scrolls of identify {unknown}
 g - 4 scrolls of enchant armour {unknown}
 j - 2 scrolls of remove curse
 m - 4 scrolls of teleportation
 r - 3 scrolls of magic mapping {unknown}
 s - 5 scrolls of fear {unknown}
 x - a scroll of fog {unknown}
 C - a scroll of enchant weapon {unknown}
 E - a scroll of noise {unknown}
 F - a scroll of silence {unknown}
Potions
 h - 2 potions of curing {unknown}
 k - 4 potions of mutation {unknown}
 l - a potion of flight {unknown}
 n - 2 potions of magic {unknown}
 o - a potion of brilliance {unknown}
 G - a potion of lignification {unknown}


   Skills:
 + Level 5.5 Fighting
 + Level 7.3 Maces & Flails
 + Level 5.6 Throwing
 + Level 6.9 Armour
 + Level 1.2 Dodging
 + Level 1.0 Stealth
 + Level 6.9 Shields


You had 7 spell levels left.
You didn't know any spells.
Your spell library was empty.

Dungeon Overview and Level Annotations

Branches:
Dungeon (7/15)
 Temple: D:4-7

Altars:
Ashenzari
Dithmenos
Elyvilon
Fedhas
Gozag
Kikubaaqudgha
Makhleb
Nemelex Xobeh
Okawaru
Sif Muna
Trog
Zin

Shops:
D:2 *   D:6 }

Annotations:
D:5 5 runed translucent doors
D:7 Harold


Innate Abilities, Weirdness & Mutations

You reflexively headbutt those who attack you in melee.
You have a pair of horns on your head.


Message History

Things that are here:
a black bear corpse; a howler monkey corpse You thump Harold!
You headbutt Harold!
Harold is moderately wounded.
Harold zaps a wand.
The bolt of acid hits you but does no damage.
The acid corrodes you!
You are splashed with acid!
* * * LOW HITPOINT WARNING * * *
Things that are here:
a black bear corpse; a howler monkey corpse
As you read the scroll labeled YZIONU UMELAESI, it crumbles to dust.
You feel blessed for a moment.
It was a scroll of remove curse.
Harold hits you with a +0 morningstar.
* * * LOW HITPOINT WARNING * * *
Things that are here:
a black bear corpse; a howler monkey corpse
As you read the scroll labeled XONUUW SYATUDD, it crumbles to dust.
You feel strangely unstable.
It was a scroll of teleportation.
Harold zaps a wand.
The bolt of acid hits you!!
You die...

#.....### #........
#..(..... #......<.
#........ #..>(....
. #@....(# #. ##@#
#.. ##.(# #.# #..##
#..###.#####.#
####...........#
................
..#
######.#######.#...
#.# .#.# .# #####.#
..###.#


You could see Harold.

Vanquished Creatures
  4 ogres
  2 ice beasts
  2 sky beasts
  A black bear (D:7)
  2 centaurs (D:6)
  2 bullfrogs
  A water moccasin skeleton (D:4)
  A scorpion (D:5)
  A howler monkey (D:7)
  3 hounds
  2 orc priests
  A bullfrog zombie (D:7)
  A centaur skeleton (D:4)
  A jelly (D:6)
  A bullfrog skeleton (D:5)
  An iguana (D:7)
  Ijyb (D:5)
  An orc wizard (D:7)
  2 worker ants
  Robin (D:4)
  6 adders
  A howler monkey skeleton (D:4)
  An ufetubus (D:6)
  3 oozes
  An adder zombie (D:5)
  2 worms
  A dart slug (D:2)
  7 leopard geckos
  13 orcs
  5 bats
  4 giant cockroaches
  15 goblins
  10 hobgoblins
  9 jackals
  4 quokkas
  A ball python (D:3)
  7 frilled lizards
  A giant cockroach zombie (D:6)
  A jackal skeleton (D:4)
  3 kobolds (D:1)
  4 rats
130 creatures vanquished.

Notes
Turn   | Place    | Note
-------+----------+-------------------------------------------
     0 | D:1      | ringofvoid the Minotaur Fighter began the quest for the
                  | Orb.
     0 | D:1      | Reached XP level 1. HP: 19/19 MP: 0/0
   276 | D:1      | Reached XP level 2. HP: 27/27 MP: 1/1
   541 | D:1      | Reached XP level 3. HP: 33/33 MP: 2/2
   789 | D:1      | Reached skill level 3 in Maces & Flails
  1172 | D:2      | Reached skill level 1 in Throwing
  1343 | D:2      | Reached XP level 4. HP: 40/40 MP: 3/3
  1440 | D:2      | Found Gozag's Platinum Reserve.
  1440 | D:2      | Found an opulent altar of Gozag.
  1729 | D:3      | Found an iron altar of Okawaru.
  1949 | D:3      | Found a burning altar of Makhleb.
  2517 | D:4      | Reached XP level 5. HP: 41/47 MP: 4/4
  2567 | D:4      | Found a shadowy altar of Dithmenos.
  2754 | D:4      | Noticed an ogre
  2763 | D:4      | Killed an ogre
  2763 | D:4      | Reached skill level 4 in Maces & Flails
  2763 | D:4      | Reached skill level 5 in Shields
  2763 | D:4      | Reached XP level 6. HP: 53/53 MP: 5/5
  2774 | D:4      | Found a white marble altar of Elyvilon.
  2868 | D:4      | Noticed a sky beast
  2876 | D:4      | Killed a sky beast
  3042 | D:4      | Noticed Robin
  3061 | D:4      | Killed Robin
  3366 | D:5      | Entered Level 5 of the Dungeon
  3372 | D:5      | Noticed an ice beast
  3381 | D:5      | Killed an ice beast
  3381 | D:5      | Reached skill level 5 in Armour
  3381 | D:5      | Reached XP level 7. HP: 60/60 MP: 6/6
  3818 | D:5      | Noticed Ijyb
  3836 | D:5      | Killed Ijyb
  3855 | D:5      | Reached skill level 5 in Maces & Flails
  4079 | D:5      | Found a blossoming altar of Fedhas.
  4080 | D:5      | Found an ancient bone altar of Kikubaaqudgha.
  4110 | D:5      | Found a runed translucent gate.
  4110 | D:5      | Found a runed translucent gate.
  4113 | D:5      | Found a runed translucent gate.
  4120 | D:5      | Found a runed translucent door.
  4128 | D:5      | Found the +9 staff of Olgreb {rPois∞}
  4134 | D:5      | Found a runed translucent door.
  4498 | D:5      | Found a sparkling altar of Nemelex Xobeh.
  4551 | D:6      | Reached skill level 1 in Dodging
  4559 | D:6      | Reached skill level 6 in Maces & Flails
  4567 | D:6      | Reached XP level 8. HP: 23/67 MP: 7/7
  4864 | D:6      | Found a shattered altar of Ashenzari.
  4946 | D:6      | Reached skill level 5 in Fighting
  4946 | D:6      | Reached skill level 1 in Stealth
  5183 | D:6      | Found Bokhlim's Gadget Shop.
  5255 | D:6      | Found a shimmering blue altar of Sif Muna.
  5460 | D:6      | Found a glowing silver altar of Zin.
  5460 | D:6      | Found a bloodstained altar of Trog.
  5823 | D:7      | Reached skill level 5 in Throwing
  6209 | D:7      | Noticed Harold
  6218 | D:7      | Reached skill level 7 in Maces & Flails
  6238 | D:7      | HP: 1/69 [Harold/+0 morningstar (3)]
  6239 | D:7      | Killed from afar by Harold

Illustrated notes

Levels and vault maps discovered:
D:1:      evilmike_arrival_rings, layout_loops_ring, st_stairs_14,
          item_on_display_a
D:2:      layout_basic, nicolae_gozag_zags_fifth_avenue
D:3:      layout_basic, okawaru_trees_2, makhleb_heckhound_becter
D:4:      layout_loops_ring, nicolae_dithmenos_shadow_blocks,
          old_standard_altar, minmay_misc_feat_enclosed, uniq_robin
D:5:      layout_loops_ring, grunt_temple_overflow_growth_and_decay,
          nemelex_xobeh_ov_fountains_minmay,
          minmay_temple_entry_enclosed_plants,
          minmay_guarded_unrand_staff_of_olgreb, uniq_ijyb
D:6:      layout_rooms, lemuel_doored_altar, nicolae_ashenzari_panopticon,
          gammafunk_temple_overflow_pools, nicolae_ossuary_entry_plus,
          serial_shops, shop, st_stairs_2
D:7:      layout_rooms, gammafunk_temple_overflow_elements, uniq_duvessa,
          uniq_harold

Skill      XL: |  1  2  3  4  5  6  7  8 |
---------------+-------------------------+-----
Fighting       | 4 5 |  5.5
Armour         | 4 5 6 |  6.9
Maces & Flails | 3 4 6 7 |  7.3
Shields        | 4 5 6 |  6.9
Throwing       | 1 2 3 4 5 |  5.6
Dodging        | 1 |  1.2
Stealth        | 1 |  1.0

Action                   |  1- 3 |  4- 6 |  7- 9 || total
-------------------------+-------+-------+-------++-------
Melee: Flail             |    76 |    82 |   185 ||   343
       Headbutt          |    13 |    16 |    34 ||    63
Throw: Dart              |    67 |    67 |   114 ||   248
  Use: Scroll            |       |       |     2 ||     2
       Potion            |       |       |     1 ||     1
Armor: Scale mail        |    20 |    34 |    69 ||   123
Dodge: Dodged            |    15 |    22 |    44 ||    81
Block: Kite shield       |    26 |    41 |    82 ||   149

Table legend: (Time is in decaauts)
 A = Elapsed time spent in this place.
 B = Non-inter-level travel time spent in this place.
 C = Inter-level travel time spent in this place.
 D = Time resting spent in this place.
 E = Time spent auto-exploring this place.
 F = Levels seen in this place.
 G = Mean time per level.
                   A        B        C        D        E       F      G
               +--------+--------+--------+--------+--------+-----+--------+
         Total |   6302 |   6185 |    117 |   1222 |   3068 |   7 |  900.3 |
       Dungeon |   6302 |   6185 |    117 |   1222 |   3068 |   7 |  900.3 |
               +--------+--------+--------+--------+--------+-----+--------+

Top non-repeatable levels by time:
     D:6: 1243 daAuts
     D:5: 1189 daAuts
     D:1: 958 daAuts
     D:4: 873 daAuts
     D:3: 833 daAuts
     D:2: 747 daAuts
     D:7: 456 daAuts
